 Dungeon Crawl Stone Soup version 0.30-a0-371-gad7725a93e (webtiles) character file.

Game seed: 9463245489063642223

235 IdlyInterested the Chucker (level 5, -5/38 HPs)
             Began as a Demonspawn Wanderer on Nov 17, 2022.
             Killed by nerve-wracking pain
             ... invoked by an orc priest
              (8 damage)
             ... on level 5 of the Dungeon on Nov 21, 2022.
             The game lasted 00:14:42 (4281 turns).

IdlyInterested the Chucker (Demonspawn Wanderer)    Turns: 4281, Time: 00:14:42

Health: -5/38      AC: 12    Str:  8    XL:     5   Next: 76%
Magic:  6/6        EV:  7    Int: 15    God:
Gold:   164        SH:  0    Dex: 17    Spells: 5/6 levels left

rFire   . . .      SeeInvis .    a - +4 dagger (chaos)
rCold   . . .      Faith    .    (no shield)
rNeg    . . .      Spirit   .    s - +1 scale mail
rPois   .          Reflect  .    u - +1 helmet
rElec   .          Harm     .    o - +0 cloak
rCorr   .          Rampage  .    (no gloves)
Will    .....                    (no boots)
Stlth   +.........               (no amulet)
HPRegen 0.26/turn                (no ring)
MPRegen 0.10/turn                (no ring)

@: no status effects
A: thin metallic scales 1, spiny 1
a: no special abilities


You were on level 5 of the Dungeon.
You visited 1 branch of the dungeon, and saw 5 of its levels.

You collected 164 gold pieces.

Inventory:

Hand Weapons
 a - a +4 dagger of chaos (weapon)
 i - a +0 short sword
Missiles
 g - 9 poisoned darts
 j - 28 stones (quivered)
 n - 2 throwing nets
 y - 6 javelins
Armour
 k - a +0 robe
 o - a +0 cloak (worn)
 s - a +1 scale mail (worn)
 u - a +1 helmet (worn)
 x - a +0 leather armour
Magical Staves
 t - a staff of conjuration
 A - a staff of cold
Scrolls
 d - a scroll of noise {unknown}
 f - a scroll of identify
 h - 2 scrolls of teleportation
 l - 2 scrolls of vulnerability
 m - 3 scrolls of amnesia
Potions
 c - 4 potions of lignification
 e - 2 potions of flight
 p - a potion of ambrosia
 q - 2 potions of heal wounds
 r - 2 potions of curing
 v - a potion of magic
 z - a potion of brilliance {unknown}
 B - 2 potions of resistance


   Skills:
 + Level 2.2 Fighting
 - Level 6.0 Throwing
 - Level 2.0 Stealth
 - Level 1.0 Spellcasting
 * Level 2.9 Hexes
 * Level 1.2 Evocations


You had 5 spell levels left.
You knew the following spells:

 Your Spells              Type           Power      Damage    Failure   Level
a - Slow                  Hex            36%        N/A       61%         1

Your spell library contained the following spells:

 Spells                   Type           Power      Damage    Failure   Level
 Dazzling Flash           Conj/Hex       10%        N/A       99%         3


Dungeon Overview and Level Annotations

Branches:
Dungeon (5/15)
 Temple: D:4-7

Altars:
Ashenzari
Fedhas
Okawaru
Vehumet


Innate Abilities, Weirdness & Mutations

You are partially covered in thin metallic scales. (AC +2)
You are partially covered in sharp spines.


Message History

Throw: 3 darts (curare)
Press: ? - help, Shift-Dir - straight line, f - ogre
Aim: an ogre, wielding a +0 giant club (77% to hit)
You throw a curare-tipped dart.
The curare-tipped dart barely misses the ogre.
Throw: 2 darts (curare)
Press: ? - help, Shift-Dir - straight line, f/p - ogre
Aim: an ogre, wielding a +0 giant club (77% to hit)
You throw a curare-tipped dart.
The curare-tipped dart barely misses the ogre.
Throw: dart (curare)
Press: ? - help, Shift-Dir - straight line, f/p - ogre
Aim: an ogre, wielding a +0 giant club (77% to hit)
You throw a curare-tipped dart. The curare-tipped dart hits the ogre.
The ogre is poisoned.
The ogre convulses.
The ogre seems to slow down.
The ogre is moderately wounded.
Throw: 29 stones
Press: ? - help, Q - select action, (/) - cycle Shift-Dir - straight line, f/p - ogre
Aim: an ogre, wielding a +0 giant club (moderately wounded, very poisoned, slow, 77% to hit)
You throw a stone. The stone hits the ogre.
The ogre is heavily wounded.
You hit the ogre. You burn the ogre.
The ogre is heavily wounded.
The ogre is struck by your spines. The ogre hits you with a +0 giant club!
* * * LOW HITPOINT WARNING * * *
You hit the ogre.
You feel better.
The ogre is severely wounded.
An orc comes into view. It is wielding a +0 club.
The orc priest mumbles some strange prayers to Beogh against you.
Pain shoots through your body!
* * * LOW HITPOINT WARNING * * *
You hit the ogre.
The ogre easily resists.
The ogre is almost dead.
You hit the ogre.
The ogre is almost dead.
You kill the ogre!
The orc priest invokes the aid of Beogh against you.
Pain shoots through your body!
You die...

... ... .######.###
.. ...o....... ...
...........###...
..................
..........o.......(.
.....(.....)@.......
...................
#.................
####.................
#................#..$
#...........#....# #.
#...........#....#
#...........#....#
#...........#....#


You could see an orc priest and an orc.

Vanquished Creatures
  An ogre (D:5)
  2 hounds (D:4)
  Robin (D:3)
  4 gnolls (D:2)
  3 adders
  2 white imps (D:5)
  An ufetubus (D:4)
  A worm (D:2)
  3 dart slugs
  3 orcs
  4 endoplasms
  4 giant cockroaches
  16 goblins
  4 hobgoblins
  7 kobolds
  A quokka (D:1)
  3 ball pythons
  6 bats
  2 frilled lizards (D:1)
  4 rats
72 creatures vanquished.

Notes
Turn   | Place    | Note
-------+----------+-------------------------------------------
     0 | D:1      | IdlyInterested the Demonspawn Wanderer began the quest for
                  | the Orb.
     0 | D:1      | IdlyInterested set off with the following items: a +3
                  | dagger, 3 curare-tipped darts, a potion of lignification, a
                  | +0 robe; and the following spell memorised: Slow; and the
                  | following spells available to memorise: Dazzling Flash.
     0 | D:1      | Reached XP level 1. HP: 15/15 MP: 2/2
   341 | D:1      | Gained mutation: You are partially covered in thin metallic
                  | scales. (AC +2) [demonic ancestry]
   341 | D:1      | Reached XP level 2. HP: 21/21 MP: 3/3
   516 | D:1      | Reached skill level 5 in Throwing
   525 | D:1      | Found a faded altar of an unknown god.
  1014 | D:2      | Gained mutation: You are partially covered in sharp spines.
                  | [demonic ancestry]
  1014 | D:2      | Reached XP level 3. HP: 22/26 MP: 2/4
  1970 | D:2      | Reached XP level 4. HP: 9/32 MP: 5/5
  2299 | D:3      | Noticed Robin
  2319 | D:3      | Killed Robin
  2320 | D:3      | Reached skill level 6 in Throwing
  2538 | D:3      | Found an iron altar of Okawaru.
  2884 | D:3      | Upgraded the game from 0.30-a0-365-ge7f957f1db to
                  | 0.30-a0-371-gad7725a93e
  2989 | D:3      | Found a faded altar of an unknown god.
  2993 | D:3      | Found a radiant altar of Vehumet.
  3388 | D:4      | Reached XP level 5. HP: 38/38 MP: 6/6
  3750 | D:4      | Found a broken altar of Ashenzari.
  3751 | D:4      | Found a blossoming altar of Fedhas.
  3839 | D:4      | Reached skill level 1 in Evocations
  4186 | D:5      | Entered Level 5 of the Dungeon
  4270 | D:5      | Noticed an ogre
  4281 | D:5      | Killed an ogre
  4281 | D:5      | Killed from afar by an orc priest

Illustrated notes

Levels and vault maps discovered:
D:1:      dpeg_arrival_windows_large_door, layout_loops_cross,
          hellmonk_ecumenical_altar_arch_garden
D:2:      layout_basic, serial_forest, infiniplex_forest_end_1,
          infiniplex_forest_clump_diagonal, infiniplex_forest_lined_ring,
          infiniplex_forest_end_1, infiniplex_forest_corner_1,
          infiniplex_forest_straight_2
D:3:      layout_loops_ring, good_gods_temple_1,
          nicolae_overflow_ecumenical_swirl, kennysheep_okawaru_gauntlet,
          minivault_14, kennysheep_generic_room_5, uniq_robin
D:4:      layout_cave_pods, gammafunk_temple_overflow_statue
D:5:      layout_basic, minmay_manual_moon, uniq_edmund

Skill      XL: |  1  2  3  4  5 |
---------------+----------------+-----
Throwing       | 5 6 |  6.0
Stealth        | 2 |  2.0
Hexes          | 2 |  2.9
Fighting       | 2 |  2.2
Evocations     | 1 |  1.2
Spellcasting   | |  1.0

Action                   |  1- 3 |  4- 6 || total
-------------------------+-------+-------++-------
Melee: Dagger            |   107 |    87 ||   194
       Punch             |       |     2 ||     2
Throw: Stone             |     1 |     9 ||    10
       Dart              |       |     3 ||     3
 Cast: Slow              |     7 |     2 ||     9
  Use: Scroll            |     4 |     8 ||    12
       Potion            |       |     1 ||     1
 Stab: Sleeping          |     5 |     1 ||     6
Armor: Robe              |    26 |    11 ||    37
       Scale mail        |       |    23 ||    23
Dodge: Dodged            |    74 |    38 ||   112

Table legend: (Time is in decaauts)
 A = Elapsed time spent in this place.
 B = Non-inter-level travel time spent in this place.
 C = Inter-level travel time spent in this place.
 D = Time resting spent in this place.
 E = Time spent auto-exploring this place.
 F = Levels seen in this place.
 G = Mean time per level.
                   A        B        C        D        E       F      G
               +--------+--------+--------+--------+--------+-----+--------+
         Total |   4282 |   3633 |    649 |    350 |   2478 |   5 |  856.4 |
       Dungeon |   4282 |   3633 |    649 |    350 |   2478 |   5 |  856.4 |
               +--------+--------+--------+--------+--------+-----+--------+

Top non-repeatable levels by time:
     D:2: 1333 daAuts
     D:3: 1204 daAuts
     D:4: 865 daAuts
     D:1: 821 daAuts
     D:5: 57 daAuts
